 Dungeon Crawl Stone Soup version 0.30-b1-2-g02819fbbbe (webtiles) character file.

Game seed: 11485332438715028328

315 Hyawatha the Cudgeller (level 6, -4/51 HPs)
             Began as a Hill Orc Reaver on May 8, 2023.
             Was a Priest of Dithmenos.
             Slain by a bullfrog (7 damage)
             ... in a sewer.
             The game lasted 00:13:23 (2539 turns).

Hyawatha the Cudgeller (Hill Orc Reaver)            Turns: 2539, Time: 00:13:24

Health: -4/51      AC:  4    Str: 15    XL:     6   Next: 44%
Magic:  8/8        EV: 12    Int: 13    God:    Dithmenos [***...]
Gold:   548        SH:  0    Dex: 11    Spells: 7/8 levels left

rFire   . . .        a - +0 mace (flame)
rCold   . . .        (no shield)
rNeg    . . .        b - +0 leather armour
rPois   .            (no helmet)
rElec   .            (no cloak)
rCorr   .            (no gloves)
SInv    .            d - +0 pair of boots
Will    .....        (no amulet)
Stlth   ++           (no ring)
HPRegen 0.28/turn    (no ring)
MPRegen 0.11/turn

%: no passive effects
@: mighty, wreathed by umbra
A: no striking features
a: Renounce Religion, Shadow Step


You were in a sewer.
You worshipped Dithmenos.
Dithmenos was most pleased with you.
You visited 1 branch of the dungeon, and saw 5 of its levels.
You also visited: Sewer.

You collected 548 gold pieces.

Inventory:

Hand Weapons
 a - a +0 mace of flaming (weapon)
Missiles
 h - 12 poisoned darts (quivered)
Armour
 b - a +0 leather armour (worn)
 d - a +0 pair of boots (worn)
 o - a +0 pair of boots of rampaging
Jewellery
 g - a ring of flight
Wands
 i - a wand of polymorph (6)
Scrolls
 j - a scroll of blinking
 n - a scroll of enchant weapon {unknown}
 r - a scroll of silence {unknown}
Potions
 c - a potion of might
 e - a potion of heal wounds {unknown}
 f - a potion of magic {unknown}
 k - a potion of curing {unknown}
 l - 2 potions of flight
 m - 3 potions of cancellation
 p - a potion of brilliance {unknown}
 q - a potion of lignification


   Skills:
 + Level 3.0 Fighting
 + Level 4.3 Maces & Flails
 * Level 1.2 Throwing
 * Level 2.2 Armour
 * Level 2.3 Dodging
 * Level 1.3 Stealth
 + Level 1.6 Spellcasting
 * Level 3.6 Conjurations
 * Level 1.5 Necromancy
 * Level 1.5 Invocations
 * Level 1.2 Evocations


You had 7 spell levels left.
You knew the following spells:

 Your Spells              Type           Power      Damage    Failure   Level
a - Kiss of Death         Conj/Necr      28%        2d7       11%         1

Your spell library contained the following spells:

 Spells                   Type           Power      Damage    Failure   Level
 Magic Dart               Conj           40%        1d5       8%          1
 Momentum Strike          Conj/Tloc      10%        3d8       24%         2
 Hailstorm                Conj/Ice       5%         3d4       43%         3
 Call Imp                 Summ           2%         N/A       45%         2
 Mephitic Cloud           Conj/Pois/Air  4%         N/A       52%         3
 Cause Fear               Hex            0%         N/A       97%         4
 Dragon Form              Tmut           0%         N/A       100%        7
 Dragon's Call            Summ           0%         N/A       100%        9


Dungeon Overview and Level Annotations

Branches:
Dungeon (5/15)              Sewer (1/1)
 Temple: D:4-7

Altars:
Dithmenos
Sif Muna
Beogh


Message History

The bullfrog hits you. The bullfrog hits you!
You completely miss the bullfrog.
The bullfrog is severely wounded.
The bullfrog hits you. The bullfrog barely misses you.
You closely miss the bullfrog.
The bullfrog is severely wounded.
The bullfrog barely misses you.
The bullfrog hits you but does no damage.
You sock the bullfrog! You burn the bullfrog.
You kill the bullfrog!
Dithmenos accepts your kill.
g - a ring of flight
j - a scroll of blinking You now have 548 gold pieces (gained 7).
A bullfrog comes into view.
The bullfrog croaks.
You see here a +0 pair of boots of rampaging.
o - a +0 pair of boots of rampaging The bullfrog hits you!
You barely miss the bullfrog. The bullfrog barely misses you.
The bullfrog hits you.
* * * LOW HITPOINT WARNING * * *
You closely miss the bullfrog. The bullfrog hits you.
* * * LOW HITPOINT WARNING * * *
The bullfrog closely misses you.
You sock the bullfrog! You burn the bullfrog.
The bullfrog is moderately wounded.
The bullfrog closely misses you.
You hit the bullfrog. You burn the bullfrog.
The bullfrog is heavily wounded.
The bullfrog barely misses you. The bullfrog closely misses you.
You feel very mighty all of a sudden. The bullfrog hits you.
* * * LOW HITPOINT WARNING * * *
You barely miss the bullfrog.
The bullfrog is heavily wounded.
The bullfrog hits you.
* * * LOW HITPOINT WARNING * * *
The bullfrog hits you!
You die...

#∩.#~.~#~.~.~.~~~~.#~~.#
#.~#~.##~~~#####~†~##~†#
##†##.~#~~~##≈≈≈##~~~#~~##
#.~#.†~#~~##≈≈~≈≈##~~#~†~#
#~.#.###~~#≈≈~~~≈≈#~†##~~#
#~~#.#~~~##≈~~~.≈≈##~.#..#
#~~#~#∩..#≈~~..~~≈≈#~~#††#
#~~#~#~~~#≈..~F..≈≈#~~#..#
#~.#~##~~#~~~~@$~~≈#.~#~~#
#~~#~~#~~#.~~~.[.~≈#~~#~.#
#~~#~.#~.#~~~.(..~≈#.~#†~#
#~~.~~#.†##~.~..~≈##~~#~~#
#..~.~#.~~~.~...~≈#~.##~~#
#~.~~~###~~.~~~~≈##~~#~.~#
#######~###~~~~≈##~~~#..##
#~.~~~#######~~~##~~#
#~~~~.~.~~~~~~~.#~~~#


You could see a bullfrog.

Vanquished Creatures
  A phantom (D:4)
  A bullfrog (Sewer)
  7 adders
  A river rat (D:4)
  A worm (D:2)
  4 dart slugs
  3 orcs
  5 endoplasms (Sewer)
  14 giant cockroaches
  2 goblins
  3 hobgoblins
  6 jackals (D:2)
  6 quokkas
  9 ball pythons
  6 bats
  8 frilled lizards
  3 kobolds
  10 rats
90 creatures vanquished.

Notes
Turn   | Place    | Note
-------+----------+-------------------------------------------
     0 | D:1      | Hyawatha the Hill Orc Reaver began the quest for the Orb.
     0 | D:1      | Reached XP level 1. HP: 18/18 MP: 3/3
   144 | D:1      | Found a roughly hewn altar of Beogh.
   160 | D:1      | Reached XP level 2. HP: 25/25 MP: 4/4
   179 | D:1      | Found a faded altar of an unknown god.
   182 | D:1      | Prayed at the altar of an unknown god.
   182 | D:1      | Became a worshipper of Dithmenos the Shadowed
   182 | D:1      | Reached * piety under Dithmenos
   778 | D:2      | Identified a scroll of acquirement
   778 | D:2      | Acquired 496 gold pieces
   905 | D:2      | Reached XP level 3. HP: 30/30 MP: 5/5
   986 | D:2      | Reached skill level 1 in Armour
  1265 | D:2      | Reached XP level 4. HP: 37/37 MP: 6/6
  1337 | D:2      | Reached ** piety under Dithmenos
  1654 | D:3      | Found a shimmering blue altar of Sif Muna.
  1748 | D:4      | Noticed a phantom
  1756 | D:5      | Entered Level 5 of the Dungeon
  1776 | D:4      | Killed a phantom
  1777 | D:4      | Reached skill level 4 in Maces & Flails
  1777 | D:4      | Reached skill level 1 in Stealth
  1777 | D:4      | Reached skill level 1 in Necromancy
  1777 | D:4      | Reached skill level 1 in Invocations
  1777 | D:4      | Reached XP level 5. HP: 13/42 MP: 7/7
  1836 | D:4      | Found a glowing drain.
  1927 | Sewer    | Entered a sewer
  1934 | Sewer    | Reached skill level 1 in Evocations
  1966 | Sewer    | Reached skill level 1 in Throwing
  2071 | Sewer    | Reached *** piety under Dithmenos
  2351 | Sewer    | Reached XP level 6. HP: 48/50 MP: 8/8
  2539 | Sewer    | Slain by a bullfrog

Illustrated notes

Levels and vault maps discovered:
D:1:      elethiomel_arrival_quiet, layout_basic,
          hellmonk_ecumenical_altar_defaced_shrine
D:2:      minmay_chambers_of_ones, layout_basic, minmay_strange_pillars,
          minmay_misc_feat_pillars
D:3:      minmay_chambers_of_twos, layout_loops_cross,
          overflow_temple_1_default, mainiacjoe_overflow_six_doors_small,
          evilmike_ruin_ashenzari, minmay_misc_feat_four_crosses,
          mrwooster_statue_mirror
D:4:      layout_basic, temple_hall, portal_sewer_entry_b,
          nicolae_shop_self_help
D:5:      layout_rooms, kiku_gazebo_pond_becter, minmay_misc_feat_roman
Sewer:    sewer_frog_island_02

Skill      XL: |  1  2  3  4  5  6 |
---------------+-------------------+-----
Armour         | 1 2 |  2.2
Maces & Flails | 4 |  4.3
Stealth        | 1 |  1.3
Necromancy     | 1 |  1.5
Invocations    | 1 |  1.5
Dodging        | 2 |  2.3
Evocations     | 1 |  1.2
Throwing       | 1 |  1.2
Fighting       | 3 |  3.0
Spellcasting   | |  1.6
Conjurations   | |  3.6

Action                     |  1- 3 |  4- 6 || total
---------------------------+-------+-------++-------
  Melee: Mace              |   145 |   231 ||   376
         Punch             |     1 |     2 ||     3
    Use: Scroll            |     5 |     4 ||     9
         Potion            |       |     1 ||     1
   Stab: Sleeping          |       |     1 ||     1
 Armour: Leather armour    |    48 |    76 ||   124
  Dodge: Dodged            |   133 |   200 ||   333
